 Dungeon Crawl Stone Soup version 0.22-a0-833-g8522bf8125 (webtiles) character file.

8112 Htamos the Carver (level 11, 0/130 HPs)
             Began as a Formicid Fighter on July 25, 2018.
             Was an Elder of Cheibriados.
             Succumbed to a chaos spawn's poison
             ... on level 1 of the Abyss.
             The game lasted 00:29:16 (11269 turns).

Htamos the Carver (Formicid Fighter)               Turns: 11269, Time: 00:29:16

Health: 0/130      AC: 25    Str: 30    XL:     11   Next: 49%
Magic:  21/21      EV:  2    Int: 17    God:    Cheibriados [****..]
Gold:   363        SH: 14    Dex: 22    Spells: 10/10 levels left

rFire    . . .     SeeInvis .   N - +3 long sword (freeze)
rCold    . . .     Gourm    .   c - +1 shield
rNeg     + + +     Faith    +   (armour currently unavailable)
rPois    +         Spirit   .   (helmet unavailable)
rElec    .         Reflect  .   (cloak currently unavailable)
rCorr    +         Harm     .   (gloves currently unavailable)
MR       +....                  (boots currently unavailable)
Stlth    ++........             q - amulet of faith
HPRegen  0.31/turn              m - ring of magical power
MPRegen  0.17/turn              D - ring of resist corrosion

@: lethally poisoned (0 -> -2), tree-form, very slow
A: permanent stasis, dig shafts and tunnels, four strong arms
a: Bend Time, Temporal Distortion, Slouch, Renounce Religion


You were on level 1 of the Abyss.
You worshipped Cheibriados.
Cheibriados was greatly pleased with you.
You were very hungry.
You were a tree.
You visited 2 branches of the dungeon, and saw 11 of its levels.
You visited the Abyss 1 time.

You collected 600 gold pieces.
You spent 237 gold pieces at shops.

Inventory:

Hand Weapons
 a - a +0 long sword
 g - a +1 falchion of flaming
 p - a +0 lajatang
 r - a +0 blowgun
 u - a +2 morningstar of protection
 w - a +0 broad axe
 y - a +1 long sword
 N - a +3 long sword of freezing (weapon)
Missiles
 s - 36 poisoned needles
Armour
 b - a +0 scale mail
 c - a +1 shield (worn)
 d - a +2 robe of cold resistance
 j - the +2 robe of the Game Afoot {rC+ rN+ Stlth+}
   (You found it on level 5 of the Dungeon)

   It protects you from cold.
   It protects you from negative energy.
   It makes you more stealthy.
 t - a +0 pair of gloves (melded)
 x - a +0 ring mail
 A - the +2 ring mail of Parts Unknown {rC- Dex+2 Stlth+}
   (You found it on level 5 of the Dungeon)

   It affects your dexterity (+2).
   It makes you vulnerable to cold.
   It makes you more stealthy.
 B - a +0 leather armour
 F - a +0 chain mail
 G - the +1 chain mail of Tomorrow (melded) {rN+ MR+ Int+6 Dex-2}
   (You bought it in a shop on level 7 of the Dungeon)

   It affects your intelligence (+6).
   It affects your dexterity (-2).
   It protects you from negative energy.
   It affects your resistance to hostile enchantments.
 Q - a +0 cloak (melded)
Jewellery
 m - a ring of magical power (left branch)
 q - an amulet of faith (around neck)
 D - a ring of resist corrosion (right branch)
Wands
 i - a wand of iceblast (8)
 k - a wand of digging (7)
 C - a wand of disintegration (21)
 H - a wand of enslavement (8)
 K - a wand of acid (10)
 L - a wand of paralysis (5)
 S - a wand of polymorph (7)
Scrolls
 e - a scroll of immolation
 n - 2 scrolls of magic mapping
 o - a scroll of remove curse
 E - 2 scrolls of identify
 I - 2 scrolls of fear
 M - a scroll of fog
 P - a scroll of amnesia {unknown}
 R - a scroll of summoning
Potions
 h - 3 potions of degeneration
 l - a potion of haste
Comestibles
 f - 24 rations


   Skills:
 + Level 8.4 Fighting
 * Level 10.2 Long Blades
 + Level 8.3 Armour
 + Level 6.1 Dodging
 + Level 9.1 Shields
 + Level 1.7 Invocations


You had 10 spell levels left.
You didn't know any spells.
Your spell library contained the following spells:

 Spells                   Type           Power        Failure   Level  Hunger
 Magic Dart               Conj           #...         24%         1    ##.....
 Apportation              Tloc           #.....       24%         1    ##.....
 Conjure Flame            Conj/Fire      #.......     56%         3    ####...
 Slow                     Hex            #.......     34%         2    ###....
 Mephitic Cloud           Conj/Pois/Air  #.......     56%         3    ####...
 Summon Small Mammal      Summ           #...         24%         1    ##.....
 Blink                    Tloc           N/A          34%         2    ###....
 Iskenderun's Mystic Bla  Conj           #.......     93%         4    #####..
 Animate Skeleton         Necr           N/A          24%         1    ##.....
 Call Imp                 Summ           #.......     34%         2    ###....
 Confusing Touch          Hex            #.....       24%         1    ##.....
 Fulminant Prism          Conj/Hex       #.........   93%         4    #####..
 Dazzling Spray           Conj/Hex       #.....       56%         3    ####...
 Force Lance              Conj/Tloc      #.......     93%         4    #####..
 Searing Ray              Conj           #.....       34%         2    ###....


Dungeon Overview and Level Annotations

Branches:
Dungeon (10/15)            Temple (1/1) D:4
   Lair: D:8-11         Orc: D:9-12

Altars:
Ashenzari
Cheibriados
Dithmenos
Elyvilon
Fedhas
Gozag
Hepliaklqana
Kikubaaqudgha
Makhleb
Nemelex Xobeh
Okawaru
Qazlal
Ru
Sif Muna
Trog
Uskayaw
Vehumet
Wu Jian
Xom
Yredelemnul
Zin
The Shining One

Shops:
D:7 %[([(

Annotations:
D:8 Prince Ribbit
D:9 Psyche


Innate Abilities, Weirdness & Mutations

You cannot be hasted, slowed, berserked, paralysed or teleported.
You can dig through walls and to a lower floor.
Your four strong arms can wield two-handed weapons with a shield.
((You have a pair of large antennae on your head. (SInv)))


Message History

The iron imp is severely wounded.
* * * LOW HITPOINT WARNING * * *
You feel sick.
You hit the iron imp but do no damage.
The iron imp is severely wounded.
You block the iron imp's attack.
You hit the iron imp.
The iron imp is severely wounded.
* * * LOW HITPOINT WARNING * * *
You feel sick. You block the iron imp's attack.
You slash the iron imp! You freeze the iron imp.
You kill the iron imp!
Cheibriados appreciates the change of pace.
* * * LOW HITPOINT WARNING * * *
You feel sick.
You turn into a tree.
Your +0 cloak melds into your body.
Your +0 pair of gloves melds into your body.
The +1 chain mail of Tomorrow {rN+ MR+ Int+6 Dex-2} melds into your body.
Your roots penetrate the ground.
You die...

. . . #
##.# #
#.# .# .
.... .#
#.##.#..#
##
##.#..#
#..
....5....
. #.
##)#. ##
..# #♣# #
##.# ##
##.# .
#.#.# . .
# #.# # .
..# . ..#
. .## ##
#


There were no monsters in sight!

Vanquished Creatures
  A rakshasa (Abyss:1)
  A hydra (D:9)
  A two-headed ogre (D:9)
  The ghost of Htamos the Slinger, a novice HaHu (D:7)
  Pikel (D:9)
  A smoke demon (Abyss:1)
  A large abomination (Abyss:1)
  2 dream sheep (D:9)
  2 yaks (D:9)
  A chaos spawn (Abyss:1)
  2 water moccasins
  An orc warrior (D:9)
  3 sky beasts
  A necrophage (D:7)
  5 ogres
  2 centaurs
  3 big kobolds (D:9)
  Blork the orc (D:4)
  3 bullfrogs
  A small abomination (Abyss:1)
  A scorpion (D:9)
  9 killer bees
  3 wights (D:8)
  3 howler monkeys (D:4)
  2 crimson imps
  2 centaur zombies
  A bullfrog zombie (D:8)
  5 hounds
  A quasit (D:7)
  5 orc wizards
  2 orc priests
  An iron imp (Abyss:1)
  2 jellies
  2 bullfrog skeletons
  A centaur skeleton (D:9)
  6 iguanas
  7 worker ants
  2 hound zombies
  A hound skeleton (D:6)
  3 worker ant zombies
  A howler monkey zombie (D:7)
  16 adders
  3 gnolls (D:6)
  A white imp (Abyss:1)
  An ufetubus (Abyss:1)
  2 oozes
  2 adder zombies
  2 adder skeletons
  2 worms
  2 dart slugs
  3 leopard geckos
  29 orcs
  6 bats
  7 giant cockroaches
  6 goblins
  5 hobgoblins
  14 jackals
  10 kobolds
  4 quokkas
  2 ball pythons
  3 frilled lizards
  A leopard gecko skeleton (D:4)
  A quokka skeleton (D:7)
  8 rats
224 creatures vanquished.

Vanquished Creatures (others)
  An orc wizard (D:9)
  An orc (D:9)
2 creatures vanquished.

Grand Total: 226 creatures vanquished

Notes
Turn   | Place    | Note
-------+----------+-------------------------------------------
     0 | D:1      | Htamos the Formicid Fighter began the quest for the Orb.
     0 | D:1      | Reached XP level 1. HP: 18/18 MP: 1/1
    70 | D:1      | Reached XP level 2. HP: 24/24 MP: 2/2
   334 | D:1      | Reached XP level 3. HP: 27/29 MP: 3/3
   735 | D:2      | Found a deep blue altar of Sif Muna.
   828 | D:2      | Found a glowing golden altar of the Shining One.
   993 | D:2      | Reached XP level 4. HP: 31/36 MP: 4/4
  1156 | D:2      | Found a shimmering altar of Xom.
  1586 | D:2      | Reached skill level 3 in Long Blades
  1589 | D:2      | Reached skill level 1 in Dodging
  1960 | D:3      | Reached XP level 5. HP: 42/42 MP: 5/5
  2443 | D:3      | Reached XP level 6. HP: 48/48 MP: 6/6
  3071 | D:4      | Reached skill level 4 in Long Blades
  3366 | D:4      | Reached XP level 7. HP: 53/55 MP: 7/7
  3605 | D:4      | Found a shadowy altar of Dithmenos.
  3644 | D:4      | Reached skill level 5 in Shields
  4097 | D:4      | Noticed Blork the orc
  4110 | D:4      | Killed Blork the orc
  4356 | D:4      | Found a staircase to the Ecumenical Temple.
  4363 | Temple   | Entered the Ecumenical Temple
  4485 | Temple   | Became a worshipper of Cheibriados the Contemplative
  4614 | D:5      | Entered Level 5 of the Dungeon
  4635 | D:5      | Reached skill level 5 in Long Blades
  4994 | D:5      | Found an ancient bone altar of Kikubaaqudgha.
  5036 | D:5      | Reached XP level 8. HP: 59/61 MP: 8/8
  5339 | D:5      | Reached skill level 5 in Fighting
  5339 | D:5      | Reached skill level 5 in Armour
  5832 | D:5      | Found a hazy altar of Hepliaklqana.
  6185 | D:6      | Found a sparkling altar of Nemelex Xobeh.
  6248 | D:6      | Reached skill level 6 in Long Blades
  6369 | D:6      | Reached * piety under Cheibriados
  6795 | D:6      | Found an ancient bone altar of Kikubaaqudgha.
  7044 | D:7      | Reached XP level 9. HP: 31/69 MP: 9/9
  7614 | D:7      | Found a hide-covered altar of Uskayaw.
  7625 | D:7      | Reached skill level 7 in Long Blades
  7707 | D:7      | Found Ulica Rahoett's Weapon Emporium.
  7773 | D:7      | Found Zient's Armour Shoppe.
  7842 | D:5      | Got a bloodstained ring mail
  7843 | D:5      | Identified the +2 ring mail of Parts Unknown {rC- Dex+2 Stlth+} (You found it on level 5 of the Dungeon)
  8119 | D:5      | Got a thick robe
  8131 | D:5      | Identified the +2 robe of the Game Afoot {rC+ rN+ Stlth+} (You found it on level 5 of the Dungeon)
  8325 | D:7      | Found Lovof's Antique Armour Shop.
  8333 | D:7      | Bought a warped chain mail for 237 gold pieces
  8343 | D:7      | Identified the cursed +1 chain mail of Tomorrow {rN+ MR+ Int+6 Dex-2} (You bought it in a shop on level 7 of the Dungeon)
  8356 | D:7      | Found Nicvupn's Antique Weapon Shoppe.
  8371 | D:7      | Noticed Htamos's ghost (novice HaHu)
  8377 | D:7      | Found a runed door.
  8413 | D:7      | Reached ** piety under Cheibriados
  8733 | D:7      | Found Ytiwyu Tuse's Food Shoppe.
  8958 | D:7      | Killed Htamos's ghost
  9120 | D:8      | Reached XP level 10. HP: 68/76 MP: 10/10
  9135 | D:8      | Reached skill level 8 in Long Blades
  9296 | D:8      | Found a blossoming altar of Fedhas.
  9296 | D:8      | Found a burning altar of Makhleb.
  9298 | D:8      | Found a glowing silver altar of Zin.
  9524 | D:8      | Noticed Prince Ribbit
  9694 | D:8      | Reached *** piety under Cheibriados
  9984 | D:9      | Noticed a two-headed ogre
  9996 | D:9      | Killed a two-headed ogre
  9996 | D:9      | Reached skill level 5 in Dodging
 10154 | D:9      | Noticed Pikel
 10174 | D:9      | Killed Pikel
 10174 | D:9      | Reached skill level 9 in Long Blades
 10274 | D:9      | Reached **** piety under Cheibriados
 10474 | D:9      | Found a sacrificial altar of Ru.
 10543 | D:9      | Reached XP level 11. HP: 51/84 MP: 11/11
 10707 | D:9      | Noticed a three-headed hydra
 10713 | D:9      | Killed a one-headed hydra
 10817 | D:10     | Entered Level 10 of the Dungeon
 10817 | D:10     | Noticed Psyche
 10844 | D:9      | Cast into level 1 of the Abyss (Psyche)
 10844 | Abyss:1  | Found a corrupted altar of Lugonu.
 10939 | Abyss:1  | Reached skill level 10 in Long Blades
 11182 | Abyss:1  | Noticed a rakshasa
 11247 | Abyss:1  | Killed a rakshasa
 11247 | Abyss:1  | Reached skill level 1 in Invocations
 11260 | Abyss:1  | HP: 4/87 [poisoned by a chaos spawn]
 11266 | Abyss:1  | HP: 2/87 [poisoned by a chaos spawn]
 11269 | Abyss:1  | Succumbed to a chaos spawn's poison

Vault maps used:
D:1:      giann_forest_graveyard, serial_corexii_hall, corexii_hall_statues_l,
          corexii_hall_statues_i, corexii_hall_statues_l
D:2:      tso_altar, led_sif_pool, marbit_many_paths, minmay_pentomino_o4
D:3:      minmay_misc_feat_columns
D:4:      nicolae_dithmenos_through_a_glass_darkly,
          minmay_temple_entry_nine_rooms, first_ration, uniq_blork_the_orc
D:5:      nicolae_overflow_hidden_temple, basic_altar
D:6:      kiku_gazebo_pond_becter, nemelex_dance_club_becter
D:7:      overflow_temple_1_default, serial_shops, shop, nicolae_shop_stone,
          shop, nicolae_shop_window_shopping, shop,
          hellmonk_ghost_happy_afterlife
D:8:      grunt_temple_overflow_open, uniq_prince_ribbit1
D:9:      nicolae_ru_path_of_blood, hangedman_ranch, uniq_pikel
D:10:     orc_0_dummy, uniq_psyche
Temple:   jpeg_temple_clearing
Abyss:1:  hangedman_summoners_spam

Skill      XL: |  1  2  3  4  5  6  7  8  9 10 11 |
---------------+----------------------------------+-----
Shields        | 4 5 6 7 8 9 |  9.1
Long Blades    | 3 4 5 6 7 9 10 | 10.2
Dodging        | 1 2 3 4 5 6 |  6.1
Armour         | 4 5 6 7 8 |  8.3
Fighting       | 4 5 6 7 8 |  8.4
Invocations    | 1 |  1.7

Action                   |  1- 3 |  4- 6 |  7- 9 | 10-12 || total
-------------------------+-------+-------+-------+-------++-------
Melee: Long sword        |    95 |   253 |   375 |   222 ||   945
       Morningstar       |       |       |    27 |       ||    27
       Falchion          |       |       |       |    62 ||    62
Invok: Slouch            |       |       |       |     1 ||     1
 Abil: Dig               |       |       |     1 |     7 ||     8
  Use: Scroll            |       |     7 |     8 |     2 ||    17
       Potion            |       |       |     5 |    10 ||    15
  Eat: Chunk             |       |     9 |     8 |     3 ||    20
       Ration            |       |       |     2 |       ||     2
Armor: Scale mail        |    55 |   100 |    80 |       ||   235
       Skin              |       |       |    98 |    40 ||   138
       Chain mail        |       |       |    25 |    40 ||    65
Dodge: Dodged            |    39 |    89 |   143 |    77 ||   348
Block: Shield            |    51 |   134 |   234 |   165 ||   584
       Rpst.: Long sword |    12 |    36 |    45 |    24 ||   117
       Falchion          |       |       |       |     1 ||     1

Table legend:
 A = Spawn XP
 B = Non-spawn XP
 C = Spawn XP percentage of total XP
 D = Spawn monster count
 E = Non-spawn monster count
 F = Spawn count percentage of total count
 G = Total turns spent on level
                    A         B        C        D         E        F      G
               +---------+---------+-------+---------+---------+-------+---------
         Total |    2043 |    9546 |  17.6 |       7 |     217 |   3.1 | 11269
               +---------+---------+-------+---------+---------+-------+---------
           D:1 |       0 |      32 |   0.0 |       0 |      17 |   0.0 |   657
           D:2 |       0 |      76 |   0.0 |       0 |      21 |   0.0 |  1209
           D:3 |       0 |     241 |   0.0 |       0 |      47 |   0.0 |  1215
           D:4 |       0 |     550 |   0.0 |       0 |      26 |   0.0 |  1832
           D:5 |       0 |     480 |   0.0 |       0 |      12 |   0.0 |  1444
           D:6 |       0 |     500 |   0.0 |       0 |      19 |   0.0 |   956
           D:7 |       0 |    1800 |   0.0 |       0 |      21 |   0.0 |  1575
           D:8 |       0 |    1034 |   0.0 |       0 |      21 |   0.0 |   835
           D:9 |       0 |    4822 |   0.0 |       0 |      32 |   0.0 |   979
       Abyss:1 |    2043 |      11 |  99.5 |       7 |       1 |  87.5 |   425
               +---------+---------+-------+---------+---------+-------+---------
